 Dungeon Crawl Stone Soup version 0.16.1-5-gaa23807 (webtiles) character file.

108 Psiweapon the Chopper (level 4, 0/39 HPs)
             Began as a Hill Orc Fighter on Mar 28, 2015.
             Killed by divine providence
             ... invoked by an orc priest
              (14 damage)
             ... on level 3 of the Dungeon.
             The game lasted 00:06:50 (1696 turns).

Psiweapon the Chopper (Hill Orc Fighter)            Turns: 1696, Time: 00:06:51

Health: 0/39       AC: 11    Str: 19    XL:     4   Next: 87%
Magic:  0/4        EV:  5    Int:  8    God:
Gold:   138        SH:  9    Dex: 10    Spells: 0 memorised, 3 levels left

rFire  + . .     SeeInvis .     a - +0 war axe
rCold  . . .     Clarity  .     l - +2 chain mail {rF+}
rNeg   . . .     SustAb   .     c - +0 shield
rPois  .         Gourm    .     (no helmet)
rElec  .         Spirit   +     (no cloak)
rCorr  .         Warding  .     (no gloves)
rMut   .         Stasis   .     (no boots)
MR     .....                    q - amulet of guardian spirit
Stlth  ..........               (no ring)
                                (no ring)

@: not resistant to hostile enchantments, extremely unstealthy
A: no striking features
a: Convert to Beogh


You were on level 3 of the Dungeon.
You were not hungry.

You visited 1 branch of the dungeon, and saw 4 of its levels.

You collected 138 gold pieces.

Inventory:

Hand weapons
 a - a +0 war axe (weapon)
Missiles
 f - 8 tomahawks (quivered)
 u - a throwing net
Armour
 b - a +0 scale mail
 c - a +0 shield (worn)
 l - a +2 chain mail of fire resistance (worn)
Jewellery
 q - an amulet of guardian spirit (around neck)
 s - an uncursed amulet of resist corrosion
Scrolls
 h - 4 scrolls of remove curse {unknown}
 n - a scroll of magic mapping {unknown}
 p - a scroll of recharging {unknown}
 r - a scroll of fear {unknown}
 v - 2 scrolls of enchant armour {unknown}
Potions
 e - a potion of might
 g - 3 potions of agility {unknown}
 i - a potion of magic {unknown}
 j - a potion of curing
 k - a potion of heal wounds {unknown}
 o - a potion of poison {unknown}
Comestibles
 d - 4 meat rations
 m - a slice of pizza
 t - a chunk of flesh


   Skills:
 - Level 3.6 Fighting
 * Level 5.2 Axes
 - Level 3.2 Armour
 + Level 4.5 Shields


You had 3 spell levels left.
You didn't know any spells.

Dungeon Overview and Level Annotations

Branches:
Dungeon (4/15)
 Temple: D:4-7

Altars:
Yredelemnul


Message History

* * * LOW HITPOINT WARNING * * *
Something hits you but does no damage.
Drink which item? (? for menu, Esc to quit)
You feel better.
The orc priest's eyes start to glow.
Something hits you but does no damage.
You hit the orc priest.
The orc priest shouts, "Join the one true god or die!"
The orc priest is heavily wounded.
You barely miss something.
The orc priest hits you but does no damage.
Something hits you but does no damage.
You hit the orc priest but do no damage.
The orc priest is heavily wounded.
You hit something but do no damage.
The orc priest shouts, "Surrender to Beogh and we'll let you live!"
Something hits you but does no damage.
The orc priest calls down the wrath of Beogh upon you.
Something smites you!
You die...

#.....# ###.....#
.......b.########
.oo.##...#.....## #............##
#...#.#..###.#..# #
##....##........## ######
##....###..o#...#######.....
###...###.@............###.
#.....##{................
#..#..[.†........<[.<.... .
###..####.........####....# ..
#......##........>#####..## ...
##..................##<.....
###.##..#........................
.......#...#####'#...............
#..#..#.#...#.#...............


You could see an orc priest.

Vanquished Creatures
  An orc priest (D:3)
  3 adders
  2 worms
  2 orcs (D:3)
  2 bats
  A giant cockroach (D:3)
  4 hobgoblins
  3 jackals (D:1)
  2 quokkas
  5 giant newts
  5 goblins
  8 kobolds
  6 rats
44 creatures vanquished.

Vanquished Creatures (others)
  2 butterflies (D:3)
2 creatures vanquished.

Grand Total: 46 creatures vanquished

Notes
Turn   | Place    | Note
--------------------------------------------------------------
     0 | D:1      | Psiweapon, the Hill Orc Fighter, began the quest for the Orb.
     0 | D:1      | Reached XP level 1. HP: 19/19 MP: 1/1
   305 | D:1      | Reached XP level 2. HP: 26/26 MP: 2/2
   746 | D:3      | Reached skill level 4 in Shields
   746 | D:3      | Reached XP level 3. HP: 27/31 MP: 3/3
   765 | D:2      | Found a basalt altar of Yredelemnul.
  1259 | D:2      | Reached XP level 4. HP: 37/39 MP: 4/4
  1687 | D:3      | Reached skill level 5 in Axes
  1696 | D:3      | Killed from afar by an orc priest

Action                   |  1- 3 |  4- 6 || total
-------------------------+-------+-------++-------
Melee: War axe           |   140 |    34 ||   174
Throw: Tomahawk          |     3 |       ||     3
  Use: Scroll            |       |     2 ||     2
       Potion            |       |     2 ||     2
  Eat: Chunk             |     1 |     2 ||     3
